TOP OF THE 1ST |
Villanova Wildcats batting - Pitching for Utah Utes : RHP Scot Robertson
|
Pitching: RHP Scot Robertson
|
|
Batting: RHB Juan Romero
|
0-0: Swinging Strike 0-1: Foul Ball, location: 2F 0-2: Foul Ball, location: 2F 0-2: Strikes out swinging
|
Batting: RHB Paul Bell
|
0-0: Called Strike 0-1: Called Strike 0-2: Ball 1-2: Foul Ball, location: 2F 1-2: Ball 2-2: Strikes out swinging
|
Batting: LHB William Donnelly
|
0-0: Ball 1-0: Foul Ball, location: 2F 1-1: Foul Ball, location: 2F 1-2: Ball 2-2: Ball 3-2: SOLO HOME RUN (Flyball, 8LXD), Distance : 452 ft
|
Batting: RHB Steve Smith
|
0-0: Called Strike 0-1: Ball 1-1: Swinging Strike 1-2: Fly out, F9 (Flyball, 9)
|
Top of the 1st over - 1 run(s), 1 hit(s), 0 error(s), 0 left on base; Villanova 1 - Utah 0 |
BOTTOM OF THE 1ST |
Utah Utes batting - Pitching for Villanova Wildcats : RHP Gerald Walker
|
Pitching: RHP Gerald Walker
|
|
Batting: RHB Steve Welch
|
0-0: Called Strike 0-1: Ball 1-1: Ground out 6-3 (Groundball, 6)
|
Batting: RHB José Ayala
|
0-0: Ball 1-0: Ball 2-0: Called Strike 2-1: Ball 3-1: Base on Balls
|
Batting: SHB John May
|
0-0: Ball 1-0: Ball 2-0: Ball 3-0: Foul Ball, location: 2F 3-1: Swinging Strike 3-2: Foul Ball, location: 2F 3-2: SINGLE (Groundball, 34D) José Ayala to second Runner from 2nd tries for 3rd, SAFE, throw made to third
|
Batting: RHB Randy Banks
|
0-0: Ball 1-0: Ball 2-0: Ball 3-0: Base on Balls John May to second
|
Batting: LHB Robby Bland
|
0-0: Ball 1-0: Called Strike 1-1: Swinging Strike 1-2: Fly out, F3 (Popup, 3L)
|
Batting: RHB Kevin Hernández
|
0-0: Ball 1-0: Fielders Choice at 2nd, 6-4 (Groundball, 6)
|
Bottom of the 1st over - 0 run(s), 1 hit(s), 0 error(s), 2 left on base; Villanova 1 - Utah 0 |
TOP OF THE 2ND |
Villanova Wildcats batting - Pitching for Utah Utes : RHP Scot Robertson
|
Batting: LHB Jonathan Belisle
|
0-0: Ball 1-0: Ball 2-0: Ball 3-0: Base on Balls
|
Batting: RHB Michael Boulanger
|
0-0: Ball Jonathan Belisle steals 2nd base 1-0: Ball 2-0: Ball 3-0: Base on Balls
|
Batting: LHB José Gómez
|
0-0: Ground out 4-3 (Groundball, 4S) Jonathan Belisle to third Michael Boulanger to second
|
Batting: RHB Howard Lynch
|
0-0: Ball 1-0: Called Strike 1-1: Foul Ball, location: 2F 1-2: Ball 2-2: Ball 3-2: Foul Ball, location: 2F 3-2: Fly out, F9 (Flyball, 9LS) Runner from 3rd tags up, SCORES, throw made
|
Batting: RHB Gary Jones
|
0-0: Called Strike 0-1: Foul Ball, location: 2F 0-2: Foul Ball, location: 2F 0-2: Foul Ball, location: 2F 0-2: Ball 1-2: Foul Ball, location: 2F 1-2: Ball 2-2: Foul Ball, location: 2F 2-2: Foul Ball, location: 2F 2-2: Ball 3-2: Foul Ball, location: 2F 3-2: Base on Balls
|
Batting: RHB Juan Romero
|
0-0: Ball 1-0: Called Strike 1-1: Swinging Strike 1-2: Ball 2-2: Strikes out swinging
|
Top of the 2nd over - 1 run(s), 0 hit(s), 0 error(s), 2 left on base; Villanova 2 - Utah 0 |
BOTTOM OF THE 2ND |
Utah Utes batting - Pitching for Villanova Wildcats : RHP Gerald Walker
|
Batting: RHB David Banks
|
0-0: Ball 1-0: Ball 2-0: Called Strike 2-1: Ground out 1-3 (Groundball, 13S)
|
Batting: SHB Josh Conner
|
0-0: Ground out 4-3 (Groundball, 4D)
|
Batting: SHB Carlos Mesa
|
0-0: Ground out 1-3 (Groundball, P)
|
Bottom of the 2nd over - 0 run(s), 0 hit(s), 0 error(s), 0 left on base; Villanova 2 - Utah 0 |
TOP OF THE 3RD |
Villanova Wildcats batting - Pitching for Utah Utes : RHP Scot Robertson
|
Batting: RHB Paul Bell
|
0-0: Foul Ball, location: 2F 0-1: Ball 1-1: Ball 2-1: Ball 3-1: Base on Balls
|
Batting: LHB William Donnelly
|
0-0: Called Strike 0-1: Foul Ball, location: 2F 0-2: Fly out, F2 (Popup, 5S)
|
Batting: RHB Steve Smith
|
0-0: Ball Wild Pitch! Paul Bell to second 1-0: Swinging Strike 1-1: Called Strike 1-2: Strikes out swinging
|
Batting: LHB Jonathan Belisle
|
0-0: 2-RUN HOME RUN (Line Drive, 7D), Distance : 408 ft
|
Batting: RHB Michael Boulanger
|
0-0: Called Strike 0-1: SOLO HOME RUN (Flyball, 7D), Distance : 407 ft
|
Batting: LHB José Gómez
|
0-0: Foul Ball, location: 2F 0-1: Swinging Strike 0-2: Strikes out looking
|
Top of the 3rd over - 3 run(s), 2 hit(s), 0 error(s), 0 left on base; Villanova 5 - Utah 0 |
BOTTOM OF THE 3RD |
Utah Utes batting - Pitching for Villanova Wildcats : RHP Gerald Walker
|
Batting: RHB Steve Welch
|
0-0: Foul Ball, location: 2F 0-1: Swinging Strike 0-2: Ball 1-2: Ball 2-2: Ball 3-2: Strikes out swinging
|
Batting: RHB José Ayala
|
0-0: Ball 1-0: Foul Ball, location: 2F 1-1: SINGLE (Line Drive, 89S)
|
Batting: SHB John May
|
0-0: Ball 1-0: SINGLE (Groundball, 4D) José Ayala to second Throwing error, E9 José Ayala scores John May to second
|
Batting: RHB Randy Banks
|
0-0: Ball 1-0: Called Strike 1-1: Ground out 1-3 (Groundball, P) John May to third
|
Batting: LHB Robby Bland
|
0-0: Ground out 4-3 (Groundball, 4)
|
Bottom of the 3rd over - 1 run(s), 2 hit(s), 1 error(s), 1 left on base; Villanova 5 - Utah 1 |
TOP OF THE 4TH |
Villanova Wildcats batting - Pitching for Utah Utes : RHP Scot Robertson
|
Batting: RHB Howard Lynch
|
0-0: Ball 1-0: Ball 2-0: Called Strike 2-1: DOUBLE (Groundball, 3L)
|
Batting: RHB Gary Jones
|
0-0: Called Strike 0-1: Swinging Strike 0-2: 2-RUN HOME RUN (Flyball, 9D), Distance : 393 ft
|
Pitching: RHP Carl Williamson
|
|
Batting: RHB Juan Romero
|
0-0: Swinging Strike 0-1: Ball 1-1: Foul Ball, location: 2F 1-2: Ball 2-2: SINGLE (Flyball, 9S)
|
Batting: RHB Paul Bell
|
0-0: Ball 1-0: SINGLE (Line Drive, 8LS) Juan Romero to second
|
Batting: LHB William Donnelly
|
0-0: Ball 1-0: Called Strike 1-1: Swinging Strike 1-2: Foul Ball, location: 2F 1-2: Foul Ball, location: 2F 1-2: Foul Ball, location: 2F 1-2: Hit by Pitch Juan Romero to third Paul Bell to second
|
Batting: RHB Steve Smith
|
0-0: Called Strike 0-1: Ball 1-1: Swinging Strike 1-2: Ball 2-2: SINGLE (Groundball, 6MD) Juan Romero scores Paul Bell to third William Donnelly to second Runner from 3rd tries for Home, SAFE, no throw
|
Batting: LHB Jonathan Belisle
|
0-0: SINGLE (Flyball, 7LM) William Donnelly to third Steve Smith to second Runner from 3rd tries for Home, SAFE, throw made at trailing runner, OUT at third!
|
Pitching: RHP Pablo Galván
|
|
Batting: RHB Michael Boulanger
|
0-0: Ball 1-0: Ball 2-0: Fly out, F6 (Popup, 56D)
|
Batting: LHB José Gómez
|
0-0: Ball Jonathan Belisle steals 2nd base 1-0: SINGLE (Groundball, 34D) Jonathan Belisle to third Runner from 3rd tries for Home, SAFE, no throw
|
Batting: RHB Howard Lynch
|
0-0: Swinging Strike 0-1: Swinging Strike 0-2: Strikes out looking
|
Top of the 4th over - 6 run(s), 7 hit(s), 0 error(s), 1 left on base; Villanova 11 - Utah 1 |
BOTTOM OF THE 4TH |
Utah Utes batting - Pitching for Villanova Wildcats : RHP Gerald Walker
|
Batting: RHB Kevin Hernández
|
0-0: Called Strike 0-1: Ground out 6-3 (Groundball, 6S)
|
Batting: RHB David Banks
|
0-0: Called Strike 0-1: Swinging Strike 0-2: Ball 1-2: Ground out 5-3 (Groundball, 5)
|
Batting: SHB Josh Conner
|
0-0: Ball 1-0: SINGLE (Groundball, 56D)
|
Batting: SHB Carlos Mesa
|
0-0: Ball 1-0: Called Strike 1-1: SINGLE (Line Drive, 78S) Josh Conner to second
|
Batting: RHB Steve Welch
|
0-0: Ball 1-0: Ball 2-0: Ball 3-0: Base on Balls Josh Conner to third Carlos Mesa to second
|
Batting: RHB José Ayala
|
0-0: Swinging Strike 0-1: GRAND SLAM HOME RUN (Flyball, 7D), Distance : 415 ft
|
Batting: SHB John May
|
0-0: Foul Ball, location: 2F 0-1: Foul Ball, location: 2F 0-2: Ball 1-2: Ball 2-2: Foul Ball, location: 2F 2-2: Ball 3-2: Base on Balls
|
Batting: RHB Randy Banks
|
0-0: Ball 1-0: Fielders Choice at 2nd, 6-4 (Groundball, 6)
|
Bottom of the 4th over - 4 run(s), 3 hit(s), 0 error(s), 0 left on base; Villanova 11 - Utah 5 |
TOP OF THE 5TH |
Villanova Wildcats batting - Pitching for Utah Utes : RHP Pablo Galván
|
Batting: RHB Gary Jones
|
0-0: Ball 1-0: Called Strike 1-1: Ball 2-1: Ground out 5-3 (Groundball, 56S)
|
Batting: RHB Juan Romero
|
0-0: Called Strike 0-1: Called Strike 0-2: Ball 1-2: Ball 2-2: Foul Ball, location: 2F 2-2: Strikes out looking
|
Batting: RHB Paul Bell
|
0-0: Ground out 1-3 (Groundball, 15)
|
Top of the 5th over - 0 run(s), 0 hit(s), 0 error(s), 0 left on base; Villanova 11 - Utah 5 |
BOTTOM OF THE 5TH |
Utah Utes batting - Pitching for Villanova Wildcats : RHP Gerald Walker
|
Batting: LHB Robby Bland
|
0-0: Ball 1-0: Ball 2-0: Foul Ball, location: 2F 2-1: SINGLE (Line Drive, 89S)
|
Batting: RHB Kevin Hernández
|
0-0: Called Strike 0-1: Ground out 5-3 (Groundball, 56S) Robby Bland to second
|
Batting: RHB David Banks
|
0-0: Foul Ball, location: 2F 0-1: Foul Ball, location: 2F 0-2: Ball 1-2: Foul Ball, location: 2F 1-2: Ball 2-2: Ball 3-2: Strikes out swinging
|
Pitching: RHP Dave Spensley
|
|
Batting: SHB Josh Conner
|
0-0: Ball 1-0: Ground out 4-3 (Groundball, 4)
|
Bottom of the 5th over - 0 run(s), 1 hit(s), 0 error(s), 1 left on base; Villanova 11 - Utah 5 |
TOP OF THE 6TH |
Villanova Wildcats batting - Pitching for Utah Utes : RHP Pablo Galván
|
Batting: LHB William Donnelly
|
0-0: Called Strike 0-1: SINGLE (Groundball, 56D)
|
Batting: RHB Steve Smith
|
0-0: Ball William Donnelly is caught stealing 2nd base 1-0: Ball 2-0: Ball 3-0: Called Strike 3-1: Called Strike 3-2: Foul Ball, location: 2F 3-2: Foul Ball, location: 2F 3-2: Foul Ball, location: 2F 3-2: Base on Balls
|
Batting: LHB Jonathan Belisle
|
0-0: Swinging Strike 0-1: Ball 1-1: Foul Ball, location: 2F 1-2: Strikes out swinging
|
Batting: RHB Michael Boulanger
|
0-0: Ball Steve Smith is caught stealing 2nd base
|
Top of the 6th over - 0 run(s), 1 hit(s), 0 error(s), 0 left on base; Villanova 11 - Utah 5 |
BOTTOM OF THE 6TH |
Utah Utes batting - Pitching for Villanova Wildcats : RHP Dave Spensley
|
Batting: SHB Carlos Mesa
|
0-0: Ball 1-0: Ball 2-0: Foul Ball, location: 2F 2-1: Ball 3-1: Ground out 5-3 (Groundball, 56S)
|
Batting: RHB Steve Welch
|
0-0: Ball 1-0: Swinging Strike 1-1: Swinging Strike 1-2: Foul Ball, location: 2F 1-2: Ball 2-2: Foul Ball, location: 2F 2-2: Ball 3-2: Foul Ball, location: 2F 3-2: Base on Balls
|
Batting: RHB José Ayala
|
0-0: Ball 1-0: Ball 2-0: Swinging Strike 2-1: Called Strike 2-2: Ball 3-2: Foul Ball, location: 2F 3-2: Fly out, F7 (Flyball, 7)
|
Batting: SHB John May
|
0-0: Swinging Strike 0-1: Ball 1-1: Ball 2-1: Called Strike Steve Welch is caught stealing 2nd base
|
Bottom of the 6th over - 0 run(s), 0 hit(s), 0 error(s), 0 left on base; Villanova 11 - Utah 5 |
TOP OF THE 7TH |
Villanova Wildcats batting - Pitching for Utah Utes : RHP Pablo Galván
|
Batting: RHB Michael Boulanger
|
0-0: Ball 1-0: Ball 2-0: Called Strike 2-1: Foul Ball, location: 2F 2-2: Ball 3-2: Base on Balls
|
Batting: LHB José Gómez
|
0-0: Called Strike 0-1: Swinging Strike 0-2: Strikes out swinging
|
Batting: RHB Howard Lynch
|
0-0: Grounds into double play, 6-4-3 (Groundball, 6)
|
Top of the 7th over - 0 run(s), 0 hit(s), 0 error(s), 0 left on base; Villanova 11 - Utah 5 |
BOTTOM OF THE 7TH |
Utah Utes batting - Pitching for Villanova Wildcats : RHP Dave Spensley
|
Batting: SHB John May
|
0-0: Ball 1-0: Called Strike 1-1: Called Strike 1-2: Foul Ball, location: 2F 1-2: Foul Ball, location: 2F 1-2: Strikes out swinging
|
Batting: RHB Randy Banks
|
0-0: Called Strike 0-1: Foul Ball, location: 2F 0-2: Foul Ball, location: 2F 0-2: Ground out 6-3 (Groundball, 6)
|
Batting: LHB Robby Bland
|
0-0: Called Strike 0-1: Ball 1-1: Ground out 5-3 (Groundball, 56)
|
Bottom of the 7th over - 0 run(s), 0 hit(s), 0 error(s), 0 left on base; Villanova 11 - Utah 5 |
TOP OF THE 8TH |
Villanova Wildcats batting - Pitching for Utah Utes : RHP Pablo Galván
|
Batting: RHB Gary Jones
|
0-0: Ball 1-0: Foul Ball, location: 2F 1-1: Foul Ball, location: 2F 1-2: Foul Ball, location: 2F 1-2: Fly out, F9 (Flyball, 9LD)
|
Batting: RHB Juan Romero
|
0-0: Swinging Strike 0-1: Ball 1-1: Foul Ball, location: 2F 1-2: Ball 2-2: Foul Ball, location: 2F 2-2: Ground out 3-1 (Groundball, 34)
|
Batting: RHB Paul Bell
|
0-0: Called Strike 0-1: Ball 1-1: Ball 2-1: Foul Ball, location: 2F 2-2: TRIPLE (Flyball, 8LD)
|
Batting: LHB William Donnelly
|
0-0: Called Strike 0-1: Swinging Strike 0-2: Ball 1-2: Strikes out looking
|
Top of the 8th over - 0 run(s), 1 hit(s), 0 error(s), 1 left on base; Villanova 11 - Utah 5 |
BOTTOM OF THE 8TH |
Utah Utes batting - Pitching for Villanova Wildcats : RHP Dave Spensley
|
Batting: RHB Kevin Hernández
|
0-0: Called Strike 0-1: Called Strike 0-2: Ball 1-2: Ball 2-2: Foul Ball, location: 2F 2-2: Foul Ball, location: 2F 2-2: Ball 3-2: Base on Balls
|
Batting: RHB David Banks
|
0-0: Ball 1-0: Ball 2-0: Fly out, F9 (Flyball, 9LM)
|
Batting: SHB Josh Conner
|
0-0: Called Strike 0-1: Ball 1-1: Ball 2-1: Foul Ball, location: 2F 2-2: Strikes out swinging
|
Batting: SHB Carlos Mesa
|
0-0: Ball 1-0: Ball 2-0: Foul Ball, location: 2F 2-1: Fly out, F8 (Flyball, 78M)
|
Bottom of the 8th over - 0 run(s), 0 hit(s), 0 error(s), 1 left on base; Villanova 11 - Utah 5 |
TOP OF THE 9TH |
Villanova Wildcats batting - Pitching for Utah Utes : RHP Pablo Galván
|
Pitching: RHP Bruno Poulin
|
|
Batting: RHB Steve Smith
|
0-0: Called Strike 0-1: Swinging Strike 0-2: Foul Ball, location: 2F 0-2: Ball 1-2: Ball 2-2: Ball 3-2: Strikes out looking
|
Batting: LHB Jonathan Belisle
|
0-0: Called Strike 0-1: Foul Ball, location: 2F 0-2: Foul Ball, location: 2F 0-2: Hit by Pitch
|
Batting: RHB Michael Boulanger
|
0-0: Ball 1-0: Called Strike 1-1: Ball 2-1: Ball 3-1: Called Strike 3-2: Base on Balls Jonathan Belisle to second
|
Batting: LHB José Gómez
|
0-0: Ball 1-0: Ball 2-0: Ball 3-0: Called Strike 3-1: Grounds into double play, 4-6-3 (Groundball, 4M)
|
Top of the 9th over - 0 run(s), 0 hit(s), 0 error(s), 1 left on base; Villanova 11 - Utah 5 |
BOTTOM OF THE 9TH |
Utah Utes batting - Pitching for Villanova Wildcats : RHP Dave Spensley
|
Pitching: LHP Anthony Lewis
|
|
Batting: RHB Steve Welch
|
0-0: Ball 1-0: Foul Ball, location: 2F 1-1: Foul Ball, location: 2F 1-2: Foul Ball, location: 2F 1-2: Ball 2-2: SINGLE (Groundball, 6D)
|
Batting: RHB José Ayala
|
0-0: Hit by Pitch Steve Welch to second
|
Batting: SHB John May
|
0-0: Called Strike 0-1: Foul Ball, location: 2F 0-2: Strikes out looking
|
Batting: RHB Randy Banks
|
0-0: Ball 1-0: Foul Ball, location: 2F 1-1: Called Strike 1-2: Ball 2-2: Ball 3-2: SINGLE (Line Drive, 56) Steve Welch to third José Ayala to second
|
Batting: LHB Robby Bland
|
0-0: Swinging Strike 0-1: Called Strike 0-2: Strikes out swinging
|
Batting: RHB Kevin Hernández
|
0-0: Foul Ball, location: 2F 0-1: Ball 1-1: Fly out, F9 (Flyball, 9)
|
Bottom of the 9th over - 0 run(s), 2 hit(s), 0 error(s), 3 left on base; Villanova 11 - Utah 5 |
|